Map: Triton LE

Players

Treble

  • Race: Protoss Protoss
  • League: Silver
  • Spawn Location: 11:00

Ratl - Winner!

  • Race: Protoss Protoss
  • League: Bronze
  • Spawn Location: 5:00

VOD

Have the link to the VOD?

Description

Time

  • Played on: Jan. 9, 2020, 4:36 p.m.
  • Length: 9:22
Show
View Real Time Build Order
Export as new Build Order

Treble Protoss 

Build Orders:  

Get SALT Encoding   

  12  0:01  Probe  
  13  0:13  Probe  
  14  0:19  Pylon  
  14  0:25  Probe  
  15  0:37  Probe (Chrono Boost)  
  15  0:40  Gateway  
  16  0:49  Probe (Chrono Boost), Assimilator  
  17  0:54  Probe (Chrono Boost)  
  18  1:03  Probe  
  19  1:06  Assimilator  
  19  1:15  Probe  
  19  1:28  Probe  
  19  1:31  Cybernetics Core  
  20  1:37  Pylon  
  20  1:40  Probe  
  21  1:52  Probe  
  22  1:56  Gateway  
  22  2:04  Probe  
  23  2:14  Warp Gate (Chrono Boost)  
  23  2:16  Probe  
  23  2:17  Stalker  
  26  2:28  Probe  
  27  2:39  Nexus  
  27  2:40  Probe  
  28  2:49  Pylon  
  28  2:56  Probe  
  29  3:08  Probe  
  30  3:16  Stalker  
  32  3:20  Probe  
  33  3:32  Probe, Robotics Facility  
  34  3:44  Probe  
  35  3:51  Probe  
  36  3:56  Probe  
  37  4:02  Pylon  
  37  4:03  Probe  
  37  4:04  Assimilator  
  37  4:06  Assimilator, Stalker  
  37  4:07  Sentry  
  37  4:09  Probe  
  43  4:15  Probe  
  44  4:20  Observer  
  44  4:21  Probe  
  46  4:27  Probe  
  46  4:30  Twilight Council  
  47  4:33  Probe  
  47  4:38  Robotics Bay  
  48  4:39  Probe  
  48  4:41  Observer  
  48  4:45  Probe  
  51  4:54  Probe  
  51  4:57  Probe  
  53  5:02  Nexus  
  53  5:03  Immortal  
  53  5:05  Pylon  
  53  5:06  Probe  
  58  5:09  Probe  
  59  5:18  Probe  
  60  5:21  Probe  
  61  5:34  Probe x2  
  63  5:41  Charge (Chrono Boost)  
  63  5:46  Probe x2  
  64  5:58  Probe x2  
  64  5:59  Immortal  
  64  6:01  Pylon  
  64  6:03  Pylon  
  70  6:07  Pylon  
  70  6:09  Forge  
  70  6:11  Forge  
  70  6:13  Probe x2, Forge  
  72  6:21  Gateway  
  72  6:23  Gateway x2  
  72  6:25  Probe  
  72  6:26  Gateway  
  72  6:30  Probe x2, Gateway  
  72  6:32  Gateway  
  75  6:33  Gateway  
  75  6:37  Probe  
  76  6:40  Assimilator  
  76  6:42  Probe x2, Assimilator  
  76  6:45  Zealot x2  
  82  6:50  Probe  
  82  6:52  Immortal  
  87  6:54  Probe x2  
  87  6:59  Pylon  
  89  7:02  Probe  
  89  7:05  Pylon  
  89  7:08  Probe x2  
  91  7:14  Probe  
  93  7:20  Probe x2  
  95  7:23  Photon Cannon  
  95  7:26  Probe, Nexus  
  95  7:27  Pylon, Photon Cannon  
  96  7:32  Probe  
  96  7:33  Probe  
  98  7:38  Probe  
  99  7:51  Probe x3  
  102  8:03  Probe x2, Pylon  
  102  8:04  Probe, Pylon  
  105  8:06  Pylon  
  105  8:08  Pylon  
  99  8:15  Probe x2, Gateway  
  99  8:16  Probe, Gateway, Zealot x2  
  99  8:17  Zealot x4  
  99  8:19  Gateway  
  107  8:21  Gateway  
  107  8:25  Gateway  
  107  8:26  Zealot x3  
  91  8:41  Zealot x6  
  84  8:55  Observer  
  80  8:58  Probe x3  
  74  9:02  Probe  
  74  9:06  Zealot x3  
  74  9:07  Zealot x5  
  74  9:08  Zealot  
  80  9:10  Probe x3  
Show
View Real Time Build Order
Export as new Build Order

Ratl Protoss - Winner!

Build Orders: Double Forge 

Get SALT Encoding   

  12  0:01  Probe  
  13  0:13  Probe  
  14  0:21  Pylon  
  14  0:25  Probe  
  15  0:41  Probe  
  16  0:43  Gateway  
  16  0:50  Assimilator  
  16  0:53  Probe (Chrono Boost)  
  17  1:03  Probe (Chrono Boost)  
  18  1:07  Gateway  
  18  1:16  Probe  
  19  1:29  Probe, Assimilator  
  20  1:35  Cybernetics Core  
  20  1:41  Probe  
  21  1:52  Pylon  
  21  1:53  Probe  
  22  2:04  Pylon  
  22  2:06  Probe  
  23  2:10  Zealot  
  25  2:16  Warp Gate (Chrono Boost)  
  25  2:18  Probe, Stalker  
  28  2:35  Probe  
  29  2:39  Gateway  
  29  2:47  Probe  
  30  2:56  Nexus  
  30  3:10  Robotics Facility  
  29  3:14  Probe  
  30  3:26  Probe  
  31  3:38  Probe  
  32  3:41  Forge  
  32  3:44  Forge  
  32  3:50  Probe  
  32  3:51  Pylon  
  34  4:02  Probe  
  34  4:05  Stalker x2  
  34  4:09  Pylon  
  38  4:24  Protoss Ground Weapons Level 1 (Chrono Boost), Protoss Ground Armor Level 1 (Chrono Boost)  
  38  4:25  Probe x2  
  40  4:37  Probe x2  
  40  4:38  Stalker  
  44  4:42  Stalker  
  46  4:51  Observer  
  47  4:57  Probe x2  
  49  5:09  Probe  
  49  5:10  Probe, Stalker x2  
  49  5:12  Warp Prism  
  57  5:23  Twilight Council  
  57  5:27  Pylon  
  57  5:39  Gateway  
  57  5:40  Gateway  
  57  5:41  Gateway  
  57  5:52  Stalker x2  
  61  6:02  Assimilator  
  61  6:06  Assimilator  
  61  6:09  Pylon  
  61  6:13  Photon Cannon  
  61  6:21  Photon Cannon  
  61  6:24  Shield Battery  
  61  6:26  Photon Cannon  
  61  6:29  Probe x2  
  63  6:40  Stalker x4  
  63  6:41  Probe x2  
  63  6:42  Stalker  
  63  6:46  Protoss Ground Armor Level 2 (Chrono Boost)  
  75  6:50  Protoss Ground Weapons Level 2 (Chrono Boost)  
  75  6:53  Probe x2  
  77  7:05  Probe, Shield Battery  
  78  7:12  Stalker x2  
  78  7:13  Stalker  
  84  7:21  Stalker  
  86  7:31  Pylon  
  86  7:33  Gateway  
  86  7:34  Gateway  
  84  8:14  Stalker x3  
  90  8:24  Stalker x2  
  90  8:25  Assimilator, Nexus  
  90  8:27  Pylon  
  90  8:29  Pylon, Assimilator  
  90  8:33  Pylon  
  88  8:38  Stalker x3  
  88  8:53  Stalker x3  
  84  9:16  Stalker  
  86  9:17  Stalker x3  
  86  9:18  Stalker  
Tags
 
Matchup
PvP
Spawn Locations
Cross Positions
Add a new tag
Caveats
  • Supply blocks, unpowered buildings, or Contaminate may cause inaccurate times.
  • Supply counts are checked every 10 seconds.